 Dungeon Crawl Stone Soup version 0.27-b1-42-g19c61b19a5 (webtiles) character file.

Game seed: 12356235671579744628

58 shoop the Skirmisher (level 4, -4/37 HPs)
             Began as a Djinni Wanderer on July 30, 2021.
             Slain by an orc (7 damage)
             ... on level 4 of the Dungeon.
             The game lasted 00:02:19 (2342 turns).

shoop the Skirmisher (Djinni Wanderer)              Turns: 2342, Time: 00:02:19

Health: -4/37      AC:  2    Str: 13    XL:     4   Next: 21%
Gold:   48         EV: 11    Int: 12    God:
                   SH:  0    Dex: 13

rFire    + + .     SeeInvis .   a - +2 quarterstaff
rCold    x . .     Faith    .   (shield currently unavailable)
rNeg     . . .     Spirit   .   d - +0 robe
rPois    ∞         Reflect  .   (no helmet)
rElec    .         Harm     .   (no cloak)
rCorr    .         Rampage  .   (no gloves)
Will     .....                  (boots unavailable)
Stlth    ++........             (no amulet)
HPRegen  0.12/turn              (no ring)
MPRegen  0.00/turn              (no ring)

@: flying
A: sickness immunity, fire resistance 2, cold vulnerability 1, float, innate
caster, hp casting, extra vitality 1
a: no special abilities


You were on level 4 of the Dungeon.
You visited 1 branch of the dungeon, and saw 4 of its levels.

You collected 48 gold pieces.

Inventory:

Hand Weapons
 a - a +2 quarterstaff (weapon)
 b - a +0 hand axe
Armour
 d - a +0 robe (worn)
Jewellery
 k - a ring of fire
Scrolls
 c - 2 scrolls of teleportation
 e - a scroll of enchant weapon {unknown}
 f - a scroll of blinking {unknown}
 g - a scroll of fog {unknown}
 i - a scroll of identify {unknown}
Potions
 h - a potion of curing {unknown}
 j - 2 potions of mutation {unknown}


   Skills:
 - Level 4.0 Fighting
 * Level 3.1 Staves
 - Level 1.0 Throwing
 - Level 2.0 Armour
 - Level 1.1 Dodging
 - Level 1.0 Stealth
 - Level 1.0 Evocations


You had 2 spell levels left.
You knew the following spells:

 Your Spells              Type           Power      Damage    Failure   Level
a - Corona                Hex            0%         N/A       32%         1
Your spell library was empty.

Dungeon Overview and Level Annotations

Branches:
Dungeon (4/15)
 Temple: D:4-7

Altars:
Trog


Innate Abilities, Weirdness & Mutations

You are immune to sickness and miasma.
You are immune to poison.
Your flesh is very heat resistant. (rF++)
You are vulnerable to cold. (rC-)
You float through the air rather than walking.
You learn spells naturally, not from books.
Your magical power is your life essence.
You have superior vitality. (+4 HP)


Message History

No target in view!
There is a stone staircase leading down here.
You fly downwards.
Found 2 scrolls labelled WUUVVUDOUW.
There is a stone staircase leading up here.
HP restored. 3 orcs come into view.
An orc priest comes into view. It is wielding a +0 dagger.
The orc shouts!
The orc priest shouts!
The orc shouts!
The orc priest invokes the aid of Beogh against you.
Beogh smites you! The orc closely misses you.
You closely miss the orc. The orc hits you with a +0 club.
The orc closely misses you.
You barely miss the orc. The orc closely misses you.
You hit the orc.
The orc is almost dead.
The orc hits you with a +0 dagger. The orc barely misses you.
The orc hits you with a +0 club.
You are too injured to fight recklessly!
You are too injured to fight recklessly!
You are too injured to fight recklessly!
You hit the orc.
You kill the orc!
The orc barely misses you. The orc closely misses you.
You barely miss the orc.
The orc hits you from afar with a +0 trident.
The orc misses you.
You hit the orc.
The orc is moderately wounded.
The orc hits you from afar with a +0 trident.
* * * LOW HITPOINT WARNING * * *
You barely miss the orc priest. The orc barely misses you.
The orc priest hits you with a +0 dagger.
* * * LOW HITPOINT WARNING * * *
The orc hits you with a +0 dagger.
* * * LOW HITPOINT WARNING * * *
You hit the orc priest.
The orc priest is moderately wounded.
The orc hits you from afar with a +0 trident!
You die...

$......#
..#..####
.......# #
#..##.# .#
#..##.###.###
#.<......?..#
#.....#.###.###.#
#...####.# #..#
... #.# #@.# .
#....oo#
####..o..
........
##...##### #####


You could see an orc priest and 2 orcs.

Vanquished Creatures
  An adder (D:2)
  A gnoll (D:1)
  A worm (D:2)
  A dart slug (D:2)
  An orc (D:4)
  4 endoplasms (D:1)
  A goblin (D:1)
  A hobgoblin (D:2)
  6 jackals
  4 kobolds
  A quokka (D:1)
  3 ball pythons
  5 bats
  2 rats (D:1)
32 creatures vanquished.

Notes
Turn   | Place    | Note
-------+----------+-------------------------------------------
     0 | D:1      | shoop the Djinni Wanderer began the quest for the Orb.
     0 | D:1      | Reached XP level 1. HP: 21/21 MP: 0/0
   140 | D:1      | Reached XP level 2. HP: 19/26 MP: 0/0
   348 | D:1      | Reached skill level 1 in Stealth
   548 | D:1      | Reached XP level 3. HP: 9/31 MP: 0/0
   548 | D:1      | Learned a level 1 spell: Corona
  1877 | D:2      | Reached XP level 4. HP: 36/37 MP: 0/0
  2253 | D:2      | Found a faded altar of an unknown god.
  2256 | D:2      | Became a worshipper of Trog the Wrathful
  2256 | D:2      | Reached * piety under Trog
  2259 | D:2      | Fell from the grace of Trog
  2342 | D:4      | Slain by an orc

Illustrated notes

Levels and vault maps discovered:
D:1:      dpeg_arrival_pond, layout_loops_corners, wad_floor_pattern_2
D:2:      layout_loops_ring, shapermc_ecumenical_altar_mp_vishouse
D:3:      layout_basic, lightli_temple_of_fire
D:4:      layout_loops_corners, serial_shops, kennysheep_mini,
          kennysheep_generic_room_10

Skill      XL: |  1  2  3  4 |
---------------+-------------+-----
Staves         | 2 3 |  3.1
Stealth        | 1 |  1.0
Fighting       | |  4.0
Throwing       | |  1.0
Armour         | |  2.0
Dodging        | |  1.1
Evocations     | |  1.0

Action                   |  1- 3 |  4- 6 || total
-------------------------+-------+-------++-------
Melee: Quarterstaff      |    74 |    24 ||    98
Invok: Renounce Religion |       |     1 ||     1
 Stab: Sleeping          |     1 |       ||     1
Armor: Robe              |    14 |     4 ||    18
Dodge: Dodged            |    44 |    23 ||    67
